 Dungeon Crawl Stone Soup version 0.30-a0-3-gc9032a9cac (webtiles) character file.

Game seed: 6359049124590592471

30 BritishOli the Trooper (level 3, -7/29 HPs)
             Began as a Demonspawn Fighter on Aug 20, 2022.
             Mangled by a gnoll
             ... wielding a +0 flail
              (10 damage)
             ... on level 2 of the Dungeon.
             The game lasted 00:01:06 (1540 turns).

BritishOli the Trooper (Demonspawn Fighter)         Turns: 1540, Time: 00:01:06

Health: -7/29      AC:  8    Str: 18    XL:     3   Next: 5%
Magic:  3/3        EV:  9    Int:  9    God:
Gold:   47         SH:  4    Dex: 12    Spells: 2/2 levels left

rFire   . . .      SeeInvis .    a - +0 long sword
rCold   . . .      Faith    .    c - +0 buckler
rNeg    . . .      Spirit   .    b - +0 scale mail
rPois   .          Reflect  .    (no helmet)
rElec   .          Harm     .    (no cloak)
rCorr   .          Rampage  .    (no gloves)
Will    .....                    (no boots)
Stlth   ..........               (no amulet)
HPRegen 0.09/turn                (no ring)
MPRegen 0.08/turn                (no ring)

@: no status effects
A: thin metallic scales 1
a: no special abilities


You were on level 2 of the Dungeon.
You visited 1 branch of the dungeon, and saw 2 of its levels.

You collected 47 gold pieces.

Inventory:

Hand Weapons
 a - a +0 long sword (weapon)
Armour
 b - a +0 scale mail (worn)
 c - a +0 buckler (worn)
Scrolls
 g - a scroll of teleportation {unknown}
 k - a scroll of identify {unknown}
Potions
 d - a potion of might
 e - a potion of degeneration {unknown}
 f - 3 potions of heal wounds {unknown}
 h - a potion of curing {unknown}
 i - a potion of mutation {unknown}
 j - a potion of flight {unknown}


   Skills:
 + Level 3.3 Fighting
 + Level 2.2 Long Blades
 + Level 3.0 Armour
 + Level 3.0 Shields


You had 2 spell levels left.
You didn't know any spells.
Your spell library contained the following spells:

 Spells                   Type           Power      Damage    Failure   Level
 Sting                    Tmut/Pois      0%         1d3       86%         1
 Poisonous Vapours        Pois/Air       0%         N/A       94%         2
 Olgreb's Toxic Radiance  Pois           0%         N/A       100%        4


Dungeon Overview and Level Annotations

Branches:
Dungeon (2/15)

Altars:

Annotations:
D:2 Jessica


Innate Abilities, Weirdness & Mutations

You are partially covered in thin metallic scales. (AC +2)


Message History

You completely miss the gnoll.
The gnoll is lightly wounded.
The gnoll hits you from afar with a +0 spear.
The gnoll hits you with a +0 flail!
There are monsters nearby!
You hit the gnoll.
The gnoll is heavily wounded.
The gnoll closely misses you. You block the gnoll's attack.
The gnoll hits you from afar with a +0 spear.
The gnoll misses you.
There are monsters nearby!
You barely miss the gnoll.
The gnoll is heavily wounded.
You block the gnoll's attack. The gnoll hits you with a +0 flail.
There are monsters nearby!
You are too injured to fight recklessly!
There are monsters nearby!
There are monsters nearby!
You are too injured to fight recklessly!
There are monsters nearby!
You are too injured to fight recklessly!
You are too injured to fight recklessly!
There are monsters nearby!
You are too injured to fight recklessly!
There are monsters nearby!
You are too injured to fight recklessly!
You are too injured to fight recklessly!
You are too injured to fight recklessly!
You hit the gnoll but do no damage.
The gnoll is heavily wounded.
The gnoll misses you. The gnoll hits you with a +0 flail.
You hit the gnoll.
The gnoll is heavily wounded.
The gnoll barely misses you. x2; The gnoll hits you with a +0 flail.
* * * LOW HITPOINT WARNING * * *
The gnoll hits you from afar with a +0 spear.
* * * LOW HITPOINT WARNING * * *
A dart slug comes into view.
The gnoll attacks as you move away! The gnoll hits you with a +0 flail!
You die...

###.#.. #...!.#
##.## #.#... ...#
#....######..#
#Sg>..........
..g..##.$.S##.#.#
S## ####.#
#w######.## #g##
#..g.gg...#
#.##.#.@########
#.##.#..#
#g##...##
#.####.# #...##.#
###.##.# #.<#.#
#######.###
#.....#.#.#


You could see 3 gnolls and a dart slug.

Vanquished Creatures
  A dart slug (D:1)
  5 ball pythons (D:1)
  2 endoplasms (D:1)
  4 giant cockroaches
  A goblin (D:1)
  3 quokkas (D:1)
  2 frilled lizards (D:1)
  5 kobolds (D:1)
  5 rats (D:1)
28 creatures vanquished.

Notes
Turn   | Place    | Note
-------+----------+-------------------------------------------
     0 | D:1      | BritishOli the Demonspawn Fighter began the quest for the
                  | Orb.
     0 | D:1      | Reached XP level 1. HP: 18/18 MP: 1/1
   384 | D:1      | Gained mutation: You are partially covered in thin metallic
                  | scales. (AC +2) [demonic ancestry]
   384 | D:1      | Reached XP level 2. HP: 23/24 MP: 2/2
   645 | D:1      | You fall into a shaft and drop 1 floor!
   662 | D:2      | Noticed Jessica
  1248 | D:1      | Reached XP level 3. HP: 29/29 MP: 3/3
  1540 | D:2      | Mangled by a gnoll

Illustrated notes

Levels and vault maps discovered:
D:1:      dpeg_arrival_pits, layout_basic
D:2:      minmay_chambers_of_ones, layout_basic, serial_shops,
          nicolae_shop_trees, lemuel_another_geyser, uniq_jessica

Skill      XL: |  1  2 |
---------------+-------+-----
Long Blades    | 2 |  2.2
Armour         | 3 |  3.0
Shields        | 3 |  3.0
Fighting       | |  3.3

Action                   || total
-------------------------++-------
Melee: Long sword        ||    96
Armor: Scale mail        ||    44
Dodge: Dodged            ||    57
Block: Buckler           ||    30

Table legend: (Time is in decaauts)
 A = Elapsed time spent in this place.
 B = Non-inter-level travel time spent in this place.
 C = Inter-level travel time spent in this place.
 D = Time resting spent in this place.
 E = Time spent auto-exploring this place.
 F = Levels seen in this place.
 G = Mean time per level.
                   A        B        C        D        E       F      G
               +--------+--------+--------+--------+--------+-----+--------+
         Total |   1571 |   1546 |     25 |    265 |   1053 |   2 |  785.5 |
       Dungeon |   1571 |   1546 |     25 |    265 |   1053 |   2 |  785.5 |
               +--------+--------+--------+--------+--------+-----+--------+

Top non-repeatable levels by time:
     D:1: 1451 daAuts
     D:2: 120 daAuts
